 Dungeon Crawl Stone Soup version 0.29-a0-92-gee772dd00f (webtiles) character file.

Game seed: 12158244419047486641

807 enile the Skirmisher (level 7, -3/60 HPs)
             Began as a Demigod Earth Elementalist on Feb 10, 2022.
             Slain by a troll (6 damage)
             ... on level 4 of the Dungeon.
             The game lasted 00:09:26 (5416 turns).

enile the Skirmisher (Demigod Earth Elementalist)   Turns: 5416, Time: 00:09:27

Health: -3/60      AC: 14    Str:  9    XL:     7   Next: 34%
Magic:  11/14      EV: 11    Int: 25    God:
Gold:   136        SH:  0    Dex: 14    Spells: 8/12 levels left

rFire   . . .      SeeInvis .   t - +2 quarterstaff (chaos)
rCold   + . .      Faith    .   (shield currently unavailable)
rNeg    . . .      Spirit   .   d - +0 leather armour {rC+}
rPois   .          Reflect  .   (no helmet)
rElec   .          Harm     .   (no cloak)
rCorr   .          Rampage  .   (no gloves)
Will    .....                   q - +2 pair of boots
Stlth   ++........              (no amulet)
HPRegen 0.20/turn               f - +4 ring of protection
MPRegen 0.14/turn               p - +4 ring of protection

@: about to teleport
A: high MP 1, forlorn, divine attributes
a: no special abilities


You were on level 4 of the Dungeon.
You visited 1 branch of the dungeon, and saw 5 of its levels.

You collected 169 gold pieces.
You spent 33 gold pieces at shops.

Inventory:

Hand Weapons
 m - a +0 quarterstaff of pain
 s - a +1 whip of venom
 t - a +2 quarterstaff of chaos (weapon)
 v - a +2 broad axe of pain
 z - the +8 hunting sling "Teocsit" {flame, rN+ Str+4}
   (You took it off a gnoll on level 4 of the Dungeon)

   Any ammunition fired from it burns those it strikes, dealing additional fire
   damage.
   Str:       It affects your strength (+4).
   rN:        It protects you from negative energy.
Missiles
 y - 25 stones
Armour
 b - a +0 robe
 d - a +0 leather armour of cold resistance (worn)
 q - a +2 pair of boots (worn)
 u - a +0 cloak
Jewellery
 f - a +4 ring of protection (left hand)
 p - a +4 ring of protection (right hand)
Wands
 l - a wand of flame (21)
 w - a wand of acid (6)
Scrolls
 h - a scroll of enchant armour {unknown}
 i - 2 scrolls of fear {unknown}
 j - a scroll of teleportation
 o - 2 scrolls of identify {unknown}
 r - a scroll of brand weapon {unknown}
 x - a scroll of fog {unknown}
Potions
 a - 2 potions of mutation {unknown}
 c - a potion of magic {unknown}
 e - 2 potions of brilliance {unknown}
 g - a potion of degeneration {unknown}
 k - a potion of flight {unknown}
 n - 3 potions of cancellation {unknown}


   Skills:
 + Level 4.7 Fighting
 - Level 2.0 Armour
 - Level 2.0 Dodging
 - Level 1.7 Stealth
 - Level 3.0 Spellcasting
 - Level 3.0 Conjurations
 - Level 2.1 Transmutations
 - Level 4.0 Earth Magic


You had 8 spell levels left.
You knew the following spells:

 Your Spells              Type           Power      Damage    Failure   Level
a - Sandblast             Erth           46%        2d11      2%          1
b - Stone Arrow           Conj/Erth      42%        3d9       10%         3

Your spell library contained the following spells:

 Spells                   Type           Power      Damage    Failure   Level
 Passwall                 Tmut/Erth      15%        N/A       6%          2
 Petrify                  Tmut/Erth      19%        N/A       36%         4


Dungeon Overview and Level Annotations

Branches:
Dungeon (5/15)             Temple (0/1) D:4

Shops:
D:2 ?


Innate Abilities, Weirdness & Mutations

You have an increased reservoir of magic. (+10% MP)
You shall have no god before yourself.
Your divine heritage dramatically boosts your attributes as you level up.


Message History

Confirm with . or Enter, or press ? or * to list all spells.
Aiming: Sandblast (safe; 2% risk of failure)
Press: ? - help, Shift-Dir - straight line, f - troll
Aim: a troll (81% to hit)
The blast of sand hits the troll.
The troll is lightly wounded.
The troll bites you! The troll claws you!
The troll claws you but does no damage.
Casting: Sandblast (safe; 2% risk of failure)
Confirm with . or Enter, or press ? or * to list all spells.
Aiming: Stone Arrow (dangerous; 10% risk of failure)
Press: ? - help, Shift-Dir - straight line, f/p - troll
Aim: a troll (lightly wounded, 71% to hit)
You miscast Stone Arrow.
You are very lightly contaminated with residual magic.
Nothing appears to happen.
The troll misses you. The troll closely misses you. The troll claws you.
The troll bites you!
* * * LOW HITPOINT WARNING * * *
The troll claws you!
* * * LOW HITPOINT WARNING * * *
The troll claws you but does no damage.
Things that are here:
a +0 club; a gnoll skeleton; a necrophage skeleton
Press: ? - help, v - describe, . - travel, g - get item
Here: a troll (lightly wounded)
Items here: a +0 club; a quokka skeleton.
A stone staircase leading down.
Okay, then.
Casting: Stone Arrow (dangerous; 10% risk of failure)
Confirm with . or Enter, or press ? or * to list all spells.
Okay, then.
Okay, then.
You see here a scroll labelled NAPSEC HOKHIR.
There is an open door here.
Your magical contamination has completely faded away.
As you read the scroll of teleportation, it crumbles to dust.
You feel strangely unstable. The troll bites you.
You die...

#..>......#.###....#....
#......##.#.###....##.#.
##........#.##.....#....
####.#...#.##.....#.###
##### #.###...............
#...# #.......##.#####.##.
#...#######......### #.#..
#..................###.#..
#........@...##.#....#.#..
#........T...##..[.#.#.#..
#............####.##.#.#..
#..................#.#....
#............#.....#.#....
#............#.#...#.#....
#....#'#####.........#....
##'#.#?#####.#....####....
###.#.#)#.....[............


You could see a troll.

Vanquished Creatures
  An ice beast (D:4)
  A necrophage (D:4)
  2 scorpions (D:4)
  2 water moccasin skeletons (D:4)
  2 jellies (D:4)
  A hound (D:4)
  Crazy Yiuf (D:3)
  A centaur skeleton (D:5)
  An iguana (D:4)
  An orc wizard (D:4)
  Robin (D:3)
  6 adders
  5 gnolls
  A shadow imp (D:5)
  A worm (D:3)
  2 orcs (D:4)
  10 ball pythons
  7 endoplasms
  2 giant cockroaches
  18 goblins
  5 hobgoblins
  3 jackals (D:2)
  2 quokkas
  8 bats
  2 frilled lizards
  7 kobolds
  6 rats
99 creatures vanquished.

Notes
Turn   | Place    | Note
-------+----------+-------------------------------------------
     0 | D:1      | enile the Demigod Earth Elementalist began the quest for
                  | the Orb.
     0 | D:1      | Reached XP level 1. HP: 14/14 MP: 5/5
    10 | D:1      | Reached skill level 1 in Fighting
    10 | D:1      | Reached XP level 2. HP: 13/23 MP: 2/7
   379 | D:1      | You fall into a shaft and drop 1 floor!
   470 | D:2      | Reached skill level 1 in Transmutations
   604 | D:2      | Reached XP level 3. HP: 29/29 MP: 5/8
   661 | D:2      | Learned a level 3 spell: Stone Arrow
   870 | D:2      | Found Uggahaup's Magic Scroll Shoppe.
   876 | D:2      | Bought a scroll of teleportation for 33 gold pieces
  1649 | D:1      | Reached XP level 4. HP: 26/36 MP: 9/9
  2716 | D:3      | Noticed Robin
  2725 | D:3      | Killed Robin
  3150 | D:3      | Found a runed translucent door.
  3151 | D:3      | Noticed Crazy Yiuf
  3413 | D:3      | Killed Crazy Yiuf
  3414 | D:3      | Reached XP level 5. HP: 28/42 MP: 5/10
  3768 | D:4      | Found a staircase to the Ecumenical Temple.
  3852 | D:4      | Reached XP level 6. HP: 52/52 MP: 2/12
  3951 | D:4      | Reached skill level 1 in Armour
  4191 | D:4      | Reached skill level 1 in Conjurations
  4502 | D:4      | Reached XP level 7. HP: 56/59 MP: 7/14
  4866 | D:5      | Entered Level 5 of the Dungeon
  4942 | D:5      | Identified the +8 hunting sling "Teocsit" {flame, rN+
                  | Str+4}
  4943 | D:5      | Noticed a troll
  5407 | D:4      | HP: 1/60 [troll (9)]
  5416 | D:4      | Slain by a troll

Illustrated notes

Levels and vault maps discovered:
D:1:      dpeg_arrival_rhombus, layout_basic, serial_aquarium,
          aquarium_bridge_island_large [aquarium_subvault_large_4_pools,
          aquarium_subvault_window, aquarium_subvault_window,
          aquarium_subvault_bridge, aquarium_subvault_window],
          aquarium_window_1, aquarium_window_3, aquarium_window_2,
          aquarium_view_2e, aquarium_view_2g, aquarium_pool_four,
          minmay_surrounded
D:2:      layout_basic, basic_ecumenical_altar, serial_shops,
          nicolae_shop_statue_plus, st_stairs_12, uniq_terence
D:3:      layout_basic, uniq_crazy_yiuf_cottage, uniq_robin
D:4:      layout_basic, minmay_temple_entry_glassed_door
D:5:      layout_basic, serial_shops, shop, small_statue_intersection,
          uniq_sigmund

Skill      XL: |  1  2  3  4  5  6  7 |
---------------+----------------------+-----
Fighting       | 1 2 4 |  4.7
Spellcasting   | 2 3 |  3.0
Earth Magic    | 3 4 |  4.0
Transmutations | 1 2 |  2.1
Dodging        | 2 |  2.0
Armour         | 2 |  2.0
Conjurations   | 2 3 |  3.0
Stealth        | |  1.7

Action                   |  1- 3 |  4- 6 |  7- 9 || total
-------------------------+-------+-------+-------++-------
Melee: Unarmed           |    24 |       |       ||    24
       Quarterstaff      |    22 |   110 |    10 ||   142
 Cast: Sandblast         |    46 |    12 |     2 ||    60
       Stone Arrow       |       |    22 |    12 ||    34
Evoke: Wand              |       |       |     1 ||     1
  Use: Scroll            |       |       |     1 ||     1
 Stab: Sleeping          |     1 |     3 |       ||     4
Armor: Robe              |     6 |       |       ||     6
       Leather armour    |    22 |    69 |    27 ||   118
Dodge: Dodged            |    49 |    70 |    33 ||   152

Table legend: (Time is in decaauts)
 A = Elapsed time spent in this place.
 B = Non-inter-level travel time spent in this place.
 C = Inter-level travel time spent in this place.
 D = Time resting spent in this place.
 E = Time spent auto-exploring this place.
 F = Levels seen in this place.
 G = Mean time per level.
                   A        B        C        D        E       F      G
               +--------+--------+--------+--------+--------+-----+--------+
         Total |   5460 |   5238 |    222 |    124 |   4395 |   5 | 1092.0 |
       Dungeon |   5460 |   5238 |    222 |    124 |   4395 |   5 | 1092.0 |
               +--------+--------+--------+--------+--------+-----+--------+

Top non-repeatable levels by time:
     D:4: 1744 daAuts
     D:1: 1441 daAuts
     D:3: 1418 daAuts
     D:2: 722 daAuts
     D:5: 132 daAuts
